 Dungeon Crawl Stone Soup version 0.20.0 (webtiles) character file.

98 MatthieuS the Magician (level 4, -5/24 HPs)
             Began as a Deep Elf Fire Elementalist on June 13, 2017.
             Killed from afar by MatthieuS's ghost (7 damage)
             ... with a magic dart
             ... on level 3 of the Dungeon.
             The game lasted 00:06:45 (1653 turns).

MatthieuS the Magician (Deep Elf Fire Elementalist) Turns: 1653, Time: 00:06:45

Health: -5/24      AC:  2    Str:  6    XL:     4   Next: 43%
Magic:  9/12       EV: 13    Int: 24    God:
Gold:   180        SH:  0    Dex: 15    Spells: 3/12 levels left

rFire    . . .     SeeInvis .   g - +0 dagger
rCold    . . .     Gourm    .   (no shield)
rNeg     . . .     Faith    .   a - +0 robe
rPois    .         Spirit   .   (no helmet)
rElec    .         Reflect  .   (no cloak)
rCorr    .         Harm     .   (no gloves)
MR       .....                  (no boots)
Stlth    ++........             (no amulet)
Regen    0.1/turn               r - +4 ring of intelligence
MPRegen  0.2/turn               (no ring)

@: no status effects
A: no striking features
a: no special abilities


You were on level 3 of the Dungeon.
You were not hungry.

You visited 1 branch of the dungeon, and saw 3 of its levels.

You collected 180 gold pieces.

Inventory:

Hand Weapons
 g - a +0 dagger (weapon)
 x - a +0 longbow
Missiles
 f - 17 sling bullets
Armour
 a - a +0 robe (worn)
Jewellery
 r - a +4 ring of intelligence (left hand)
 u - a +3 ring of protection {unknown}
Scrolls
 d - a scroll of remove curse {unknown}
 h - 4 scrolls of magic mapping {unknown}
 i - 2 scrolls of immolation {unknown}
 k - 2 scrolls of teleportation {unknown}
 o - a scroll of noise {unknown}
 s - a scroll of recharging {unknown}
 v - 2 scrolls of identify {unknown}
 w - a scroll of blinking {unknown}
Potions
 e - a potion of brilliance {unknown}
 j - 2 potions of mutation {unknown}
 l - 2 potions of agility {unknown}
 n - a potion of haste {unknown}
 q - a potion of heal wounds {unknown}
 t - a potion of cancellation {unknown}
Books
 b - a book of Flames

   Spells                             Type                      Level
   a - Flame Tongue                   Conjuration/Fire             1
   b - Throw Flame                    Conjuration/Fire             2
   c - Conjure Flame                  Conjuration/Fire             3
   d - Inner Flame                    Hexes/Fire                   3
   e - Sticky Flame                   Conjuration/Fire             4
   f - Fireball                       Conjuration/Fire             5
Comestibles
 c - a bread ration
 m - 3 chunks of flesh
 p - 2 meat rations
 z - a royal jelly
 A - 2 fruits


   Skills:
 - Level 2.4 Dodging
 - Level 2.4 Stealth
 + Level 4.6 Spellcasting
 + Level 2.5 Conjurations
 + Level 4.2 Fire Magic


You had 3 spell levels left.
You knew the following spells:

 Your Spells              Type           Power        Failure   Level  Hunger
a - Flame Tongue          Conj/Fire      ###..        2%          1    None
b - Throw Flame           Conj/Fire      ###...       3%          2    None
c - Conjure Flame         Conj/Fire      ###.....     7%          3    ##.....
d - Inner Flame           Hex/Fire       ###.....     12%         3    ##.....


Dungeon Overview and Level Annotations

Branches:
Dungeon (3/15)

Altars:
Cheibriados
Xom

Annotations:
D:3 MatthieuS's ghost, amateur DECj


Message History

Confirm with . or Enter, or press ? or * to list all spells.
Aiming: Conjure Flame
Press: ? - help, Dir - move target cursor The fire ignites!
MatthieuS's ghost casts a spell at you. The magic dart hits you!
Some of the chunks of flesh in your inventory have rotted away.
Casting: Conjure Flame
Confirm with . or Enter, or press ? or * to list all spells.
Aiming: Flame Tongue
Press: ? - help, Shift-Dir - straight line, f - MatthieuS's ghost
Aim: MatthieuS's ghost, wielding a weapon of venom The flame tongue hits MatthieuS's ghost.
MatthieuS's ghost is heavily damaged.
MatthieuS's ghost casts a spell at you. The magic dart hits you!
* * * LOW HITPOINT WARNING * * *
MatthieuS's ghost casts a spell at you. The magic dart hits you!
You die...

#.#........# #.###.######
..# #.# ### #.# #.# #.#
#######.# ........#
.######@#######
##.#####........#
.......#..#####W#
#.......##.#
#.......##.#######
##.#...#...W......#
#.................#
........#######+#######.#
##.(##..#


You could see MatthieuS's ghost.

Vanquished Creatures
  4 adders
  2 worms (D:2)
  3 dart slugs
  A leopard gecko (D:2)
  3 orcs (D:3)
  4 giant cockroaches
  5 goblins
  3 hobgoblins
  3 jackals (D:1)
  4 kobolds
  6 bats
  2 frilled lizards
  8 rats
48 creatures vanquished.

Notes
Turn   | Place    | Note
-------+----------+-------------------------------------------
     0 | D:1      | MatthieuS the Deep Elf Fire Elementalist began the quest for the Orb.
     0 | D:1      | Reached XP level 1. HP: 10/10 MP: 6/6
   152 | D:1      | Reached XP level 2. HP: 15/15 MP: 5/8
   159 | D:1      | Learned a level 2 spell: Throw Flame
   679 | D:2      | Reached XP level 3. HP: 19/19 MP: 6/10
   680 | D:2      | Found a snail-covered altar of Cheibriados.
   935 | D:2      | Learned a level 3 spell: Conjure Flame
   939 | D:2      | Learned a level 3 spell: Inner Flame
  1278 | D:2      | Found a shimmering altar of Xom.
  1346 | D:2      | Reached XP level 4. HP: 24/24 MP: 9/12
  1629 | D:3      | Noticed MatthieuS's ghost (amateur DECj)
  1647 | D:3      | HP: 1/24 [MatthieuS's ghost/magic dart (8)]
  1653 | D:3      | Killed from afar by MatthieuS's ghost

Skill      XL: |  1  2  3 |
---------------+----------+-----
Spellcasting   | 4 |  4.6
Conjurations   | 2 |  2.5
Fire Magic     | 4 |  4.2
Dodging        | |  2.4
Stealth        | |  2.4

Action                   |  1- 3 |  4- 6 || total
-------------------------+-------+-------++-------
Melee: Dagger            |     1 |       ||     1
 Cast: Flame Tongue      |    66 |    16 ||    82
       Conjure Flame     |     1 |     1 ||     2
  Eat: Chunk             |     1 |     1 ||     2
Armor: Robe              |     5 |       ||     5
Dodge: Dodged            |    18 |     3 ||    21
